cohdb
Replays
Latest Replays
All Replays
Popular Replays
Top Player Replays
Match Explorer
How It Works
Community
CoH3 Stats
Reddit
Sign in to upload your games and track your stats! →
Sign in with Steam
Match 41215995
Unlisted
Match 41215995
Overview
Messages
Build Orders
End
Construct Infanterie Kompanie
Pioneer Squad
Selects Terror Battlegroup
Selects Machine Gun Camouflage
MG 42 Machine Gun Team
MG 42 Machine Gun Team
Grenadier Squad
Construct Panzergrenadier Kompanie
Grenadier Squad
Pak 40 Anti-tank Gun Team
Panzergrenadier Squad
Pak 40 Anti-tank Gun Team
Infanterie Officer Quarters
251 Medium Carrier
Construct Panzer Kompanie
Selects Defend the Fatherland
Defend the Fatherland
Panzer IV Medium Tank
Defend the Fatherland
Kettenkrad Recon Vehicle
Panzer IV Medium Tank
UH|ck
insane
SeMooS
M T Lafy
0
0
Comments
sign in to comment!
No comments posted yet!